TOP OF THE 1ST |
Los Angeles (NYP) Angels batting - Pitching for Minnesota (NYP) Twins : LHP Josh Armstrong
|
Pitching: LHP Josh Armstrong
|
|
Batting: RHB Khalil Thurston
|
0-0: Ball 1-0: Fly out, F8 (Line Drive, 8RM, EV 98.8 MPH)
|
Batting: RHB Danny Bjarnson
|
0-0: Ball 1-0: Foul Ball, location: 2F 1-1: Ball 2-1: Ground out 4-3 (Groundball, 4, EV 103.8 MPH)
|
Batting: SHB Butch Brown
|
0-0: Ball 1-0: Ball 2-0: Ball 3-0: Base on Balls
|
Batting: RHB Adam Noyes
|
Pickoff Throw to First - Out! 1-3
|
Top of the 1st over - 0 runs, 0 hits, 0 errors, 0 left on base; Los Angeles (NYP) 0 - Minnesota (NYP) 0 |
BOTTOM OF THE 1ST |
Minnesota (NYP) Twins batting - Pitching for Los Angeles (NYP) Angels : RHP Ju-wei Long
|
Pitching: RHP Ju-wei Long
|
|
Batting: LHB Chris Munguia
|
0-0: Called Strike 0-1: Called Strike 0-2: SINGLE (Groundball, 34D, EV 94.4 MPH)
|
Batting: RHB Sean Gould
|
0-0: Called Strike 0-1: Ball 1-1: Ball 2-1: Hit by Pitch Chris Munguia to second
|
Batting: SHB Ian Thompson
|
0-0: Ball 1-0: Foul Ball, location: 2F 1-1: Ball 2-1: Foul Ball, location: 2F 2-2: Fly out, F9 (Flyball, 89M, EV 92.5 MPH)
|
Batting: RHB Graham Calvert
|
0-0: Foul Ball, location: 2F 0-1: Called Strike 0-2: Ball 1-2: SINGLE (Groundball, 4MD, EV 102.5 MPH) Chris Munguia to third Sean Gould to second Runner from 3rd tries for Home, throw by CF and OUT! 8-2
|
Batting: RHB Michael McDonald
|
0-0: Ball 1-0: Called Strike 1-1: Called Strike 1-2: Ball 2-2: Ball 3-2: Foul Ball, location: 2F 3-2: Foul Ball, location: 2F 3-2: SINGLE (Groundball, 34D, EV 95.6 MPH) Sean Gould to third Graham Calvert to second Sean Gould scores Graham Calvert to third
|
Batting: LHB Seung-jun Chang
|
0-0: Fly out, F8 (Flyball, 8RM, EV 91.9 MPH)
|
Bottom of the 1st over - 1 run, 3 hits, 0 errors, 2 left on base; Los Angeles (NYP) 0 - Minnesota (NYP) 1 |
TOP OF THE 2ND |
Los Angeles (NYP) Angels batting - Pitching for Minnesota (NYP) Twins : LHP Josh Armstrong
|
Batting: RHB Adam Noyes
|
0-0: Called Strike 0-1: Fly out, F8 (Flyball, 8RXD, EV 105.6 MPH)
|
Batting: RHB J.R. Roberts
|
0-0: Ball 1-0: Ball 2-0: Called Strike 2-1: Ball 3-1: Base on Balls
|
Batting: RHB Kinya Nishimura
|
0-0: Ball 1-0: Ground out U3 (Groundball, 34, EV 87.5 MPH) J.R. Roberts to second
|
Batting: LHB Spencer Palmer
|
0-0: Ball 1-0: Called Strike 1-1: Ball 2-1: Ball 3-1: Called Strike 3-2: Base on Balls
|
Batting: RHB Hyeok Kim
|
0-0: Foul Ball, location: 2F 0-1: Ball 1-1: Swinging Strike 1-2: Fly out, F9 (Flyball, 9LM, EV 91.9 MPH)
|
Top of the 2nd over - 0 runs, 0 hits, 0 errors, 2 left on base; Los Angeles (NYP) 0 - Minnesota (NYP) 1 |
BOTTOM OF THE 2ND |
Minnesota (NYP) Twins batting - Pitching for Los Angeles (NYP) Angels : RHP Ju-wei Long
|
Batting: RHB David Nardone
|
0-0: Ball 1-0: Foul Ball, location: 2F 1-1: Ball 2-1: SOLO HOME RUN (Line Drive, 7D, EV 99.4 MPH), Distance : 388 ft
|
Batting: RHB Tony Crespo
|
0-0: Called Strike 0-1: Fly out, F7 (Flyball, 7LM, EV 87.5 MPH)
|
Batting: SHB Donell Burney
|
0-0: DOUBLE (Flyball, 8RXD, EV 102.5 MPH)
|
Batting: LHB Chris Munguia
|
0-0: Called Strike Donell Burney steals 3rd base 0-1: Swinging Strike 0-2: Ball 1-2: Foul Ball, location: 2F 1-2: Ground out 4-3 (Groundball, 4, EV 77.5 MPH) Donell Burney scores
|
Batting: RHB Sean Gould
|
0-0: Ball 1-0: Foul Ball, location: 2F 1-1: Called Strike 1-2: Ball 2-2: Foul Ball, location: 2F 2-2: Ball 3-2: Base on Balls
|
Pitching: RHP Dean LeCroy
|
|
Batting: SHB Ian Thompson
|
0-0: Called Strike Sean Gould is caught stealing 2nd base 2-6
|
Bottom of the 2nd over - 2 runs, 2 hits, 0 errors, 0 left on base; Los Angeles (NYP) 0 - Minnesota (NYP) 3 |
TOP OF THE 3RD |
Los Angeles (NYP) Angels batting - Pitching for Minnesota (NYP) Twins : LHP Josh Armstrong
|
Batting: LHB Mark Reeg
|
0-0: Ball 1-0: Ball 2-0: Fly out, F6 (Popup, 6M, EV 64.4 MPH)
|
Batting: RHB Khalil Thurston
|
0-0: Ball 1-0: Ball 2-0: Ball 3-0: Base on Balls
|
Batting: RHB Danny Bjarnson
|
0-0: Ball 1-0: Ball 2-0: Ball 3-0: Base on Balls Khalil Thurston to second
|
Batting: SHB Butch Brown
|
0-0: Called Strike Khalil Thurston steals 3rd base Danny Bjarnson to second 0-1: Foul Ball, location: 2F 0-2: Ball 1-2: Fly out, F4 (Line Drive, 4, EV 65.0 MPH)
|
Batting: RHB Adam Noyes
|
0-0: Ball 1-0: Called Strike 1-1: Swinging Strike 1-2: Foul Ball, location: 2F 1-2: Ball 2-2: Ball 3-2: Base on Balls
|
Batting: RHB J.R. Roberts
|
0-0: Foul Ball, location: 2F 0-1: Foul Ball, location: 2F 0-2: Fly out, F9 (Flyball, 89XD, EV 98.1 MPH)
|
Top of the 3rd over - 0 runs, 0 hits, 0 errors, 3 left on base; Los Angeles (NYP) 0 - Minnesota (NYP) 3 |
BOTTOM OF THE 3RD |
Minnesota (NYP) Twins batting - Pitching for Los Angeles (NYP) Angels : RHP Dean LeCroy
|
Batting: SHB Ian Thompson
|
0-0: Ball 1-0: Foul Ball, location: 2F 1-1: Foul Ball, location: 2F 1-2: Ball 2-2: Foul Ball, location: 2F 2-2: DOUBLE (Line Drive, 89D, EV 100.0 MPH)
|
Batting: RHB Graham Calvert
|
0-0: Called Strike 0-1: Ball 1-1: Foul Ball, location: 2F 1-2: DOUBLE (Line Drive, 5D, EV 97.5 MPH) Ian Thompson scores
|
Batting: RHB Michael McDonald
|
0-0: Called Strike 0-1: Ball 1-1: Ground out 1-3 (Groundball, P, EV 70.0 MPH) Graham Calvert to third
|
Batting: LHB Seung-jun Chang
|
0-0: Swinging Strike 0-1: Ball 1-1: Called Strike 1-2: Ball 2-2: Ball 3-2: Base on Balls
|
Batting: RHB David Nardone
|
0-0: Called Strike Seung-jun Chang steals 2nd base 0-1: 3-RUN HOME RUN (Flyball, 7D, EV 98.8 MPH), Distance : 384 ft
|
Batting: RHB Tony Crespo
|
0-0: Ball 1-0: Ball 2-0: Foul Ball, location: 2F 2-1: Ball 3-1: Foul Ball, location: 2F 3-2: Base on Balls
|
Batting: SHB Donell Burney
|
0-0: Foul Ball, location: 2F 0-1: Called Strike 0-2: SINGLE (Line Drive, 56, EV 100.0 MPH) Tony Crespo to second
|
Batting: LHB Chris Munguia
|
0-0: Ball 1-0: Called Strike 1-1: Ball 2-1: Ball 3-1: Called Strike 3-2: Foul Ball, location: 2F 3-2: Foul Ball, location: 2F 3-2: Base on Balls Tony Crespo to third Donell Burney to second
|
Batting: RHB Sean Gould
|
0-0: Ball 1-0: Ball 2-0: Ball 3-0: Base on Balls Tony Crespo scores Donell Burney to third Chris Munguia to second
|
Batting: SHB Ian Thompson
|
0-0: Foul Ball, location: 2F 0-1: Ball 1-1: Ball 2-1: Ball 3-1: Base on Balls Donell Burney scores Chris Munguia to third Sean Gould to second
|
Batting: RHB Graham Calvert
|
0-0: Ball 1-0: Ball 2-0: Called Strike 2-1: Ball 3-1: Base on Balls Chris Munguia scores Sean Gould to third Ian Thompson to second
|
Pitching: RHP Jayden Bain
|
|
Batting: RHB Michael McDonald
|
0-0: Ball 1-0: Foul Ball, location: 2F 1-1: Foul Ball, location: 2F 1-2: Ball 2-2: Foul Ball, location: 2F 2-2: Ball 3-2: TRIPLE (Line Drive, 78XD, EV 105.6 MPH) Sean Gould scores Ian Thompson scores Graham Calvert scores
|
Batting: LHB Seung-jun Chang
|
Balk! Michael McDonald scores 0-0: Called Strike 0-1: Ball 1-1: SINGLE (Groundball, 56D, EV 99.4 MPH)
|
Batting: RHB David Nardone
|
0-0: Ball 1-0: Ball 2-0: Called Strike 2-1: Foul Ball, location: 2F 2-2: Foul Ball, location: 2F 2-2: Ball 3-2: Foul Ball, location: 2F 3-2: Strikes out swinging
|
Batting: RHB Tony Crespo
|
0-0: Ball Wild Pitch! Seung-jun Chang to second 1-0: Ball 2-0: Ball 3-0: Base on Balls
|
Batting: SHB Donell Burney
|
0-0: Ball 1-0: Ball 2-0: Foul Ball, location: 2F 2-1: Ball 3-1: SINGLE (Groundball, P, EV 84.4 MPH) (infield hit) Seung-jun Chang to third Tony Crespo to second
|
Batting: LHB Chris Munguia
|
0-0: Ball 1-0: Swinging Strike 1-1: Ball Wild Pitch! Seung-jun Chang scores Tony Crespo to third Donell Burney to second 2-1: Ball 3-1: Base on Balls
|
Batting: RHB Sean Gould
|
0-0: Ball 1-0: Ball 2-0: Ball 3-0: Called Strike 3-1: Base on Balls Tony Crespo scores Donell Burney to third Chris Munguia to second
|
Batting: SHB Ian Thompson
|
0-0: Called Strike 0-1: Ball 1-1: Ball 2-1: Ball 3-1: Ground out U3 (Groundball, 34, EV 102.5 MPH)
|
Bottom of the 3rd over - 13 runs, 7 hits, 0 errors, 3 left on base; Los Angeles (NYP) 0 - Minnesota (NYP) 16 |
TOP OF THE 4TH |
Los Angeles (NYP) Angels batting - Pitching for Minnesota (NYP) Twins : LHP Josh Armstrong
|
Batting: RHB Kinya Nishimura
|
0-0: Fly out, F9 (Flyball, 9, EV 88.8 MPH)
|
Batting: LHB Spencer Palmer
|
0-0: Called Strike 0-1: Ball 1-1: Called Strike 1-2: Foul Ball, location: 2F 1-2: Strikes out swinging
|
Batting: RHB Hyeok Kim
|
0-0: SINGLE (Groundball, 56D, EV 96.2 MPH)
|
Batting: LHB Mark Reeg
|
0-0: Ball 1-0: Called Strike 1-1: Ball Hyeok Kim steals 2nd base 2-1: Ball 3-1: Fly out, F8 (Flyball, 78D, EV 98.8 MPH)
|
Top of the 4th over - 0 runs, 1 hit, 0 errors, 1 left on base; Los Angeles (NYP) 0 - Minnesota (NYP) 16 |
BOTTOM OF THE 4TH |
Minnesota (NYP) Twins batting - Pitching for Los Angeles (NYP) Angels : RHP Jayden Bain
|
Batting: RHB Graham Calvert
|
0-0: Ball 1-0: SINGLE (Groundball, 34D, EV 95.6 MPH)
|
Batting: RHB Michael McDonald
|
0-0: SINGLE (Groundball, 6MD, EV 96.9 MPH) Graham Calvert to second
|
Pitching: RHP Tristan Lewis
|
|
Batting: LHB Seung-jun Chang
|
0-0: Fielders Choice at 2nd, 6-4 (Groundball, 6, EV 78.8 MPH) Graham Calvert to third
|
Batting: RHB David Nardone
|
0-0: Ball 1-0: Foul Ball, location: 2F 1-1: Foul Ball, location: 2F 1-2: Strikes out swinging
|
Batting: RHB Tony Crespo
|
0-0: Ball 1-0: Called Strike 1-1: SINGLE (Line Drive, 78S, EV 100.0 MPH) Graham Calvert scores Seung-jun Chang to second
|
Batting: SHB Donell Burney
|
0-0: Ground out U3 (Groundball, 13, EV 85.6 MPH)
|
Bottom of the 4th over - 1 run, 3 hits, 0 errors, 2 left on base; Los Angeles (NYP) 0 - Minnesota (NYP) 17 |
TOP OF THE 5TH |
Los Angeles (NYP) Angels batting - Pitching for Minnesota (NYP) Twins : LHP Josh Armstrong
|
Batting: RHB Khalil Thurston
|
0-0: Swinging Strike 0-1: Foul Ball, location: 2F 0-2: Ball 1-2: Foul Ball, location: 2F 1-2: Fly out, F9 (Line Drive, 9S, EV 105.0 MPH)
|
Batting: RHB Danny Bjarnson
|
0-0: Swinging Strike 0-1: Ball 1-1: Ball 2-1: Ball 3-1: Base on Balls
|
Batting: SHB Butch Brown
|
0-0: Called Strike 0-1: Grounds into double play, 4-6-3 (Groundball, 4M, EV 76.9 MPH)
|
Top of the 5th over - 0 runs, 0 hits, 0 errors, 0 left on base; Los Angeles (NYP) 0 - Minnesota (NYP) 17 |
BOTTOM OF THE 5TH |
Minnesota (NYP) Twins batting - Pitching for Los Angeles (NYP) Angels : RHP Tristan Lewis
|
Batting: LHB Chris Munguia
|
0-0: Called Strike 0-1: Ground out 4-3 (Groundball, 34, EV 81.2 MPH)
|
Batting: RHB Sean Gould
|
0-0: Foul Ball, location: 2F 0-1: Ball 1-1: Ball 2-1: Fly out, F8 (Flyball, 8LD, EV 103.1 MPH)
|
Batting: SHB Ian Thompson
|
0-0: Ball 1-0: Called Strike 1-1: Ball 2-1: Ground out 6-3 (Groundball, 56, EV 84.4 MPH)
|
Bottom of the 5th over - 0 runs, 0 hits, 0 errors, 0 left on base; Los Angeles (NYP) 0 - Minnesota (NYP) 17 |
TOP OF THE 6TH |
Los Angeles (NYP) Angels batting - Pitching for Minnesota (NYP) Twins : LHP Josh Armstrong
|
Batting: RHB Adam Noyes
|
0-0: Ball 1-0: Swinging Strike 1-1: SINGLE (Groundball, 3S, EV 60.6 MPH) (infield hit)
|
Batting: RHB J.R. Roberts
|
0-0: Called Strike 0-1: Ball Adam Noyes steals 2nd base (no throw) 1-1: Foul Ball, location: 2F 1-2: Foul Ball, location: 2F 1-2: Ground out 6-3 (Groundball, 6MD, EV 86.9 MPH) Adam Noyes to third
|
Batting: RHB Kinya Nishimura
|
0-0: Ball 1-0: Ball 2-0: SINGLE (Line Drive, 9S, EV 104.4 MPH) Adam Noyes scores
|
Batting: LHB Spencer Palmer
|
0-0: Swinging Strike 0-1: Called Strike 0-2: Ball 1-2: Strikes out swinging
|
Batting: RHB Hyeok Kim
|
0-0: Ball 1-0: Ball 2-0: Ball 3-0: Called Strike 3-1: Fielders Choice at 2nd, 6-4 (Groundball, 6, EV 108.8 MPH)
|
Top of the 6th over - 1 run, 2 hits, 0 errors, 1 left on base; Los Angeles (NYP) 1 - Minnesota (NYP) 17 |
BOTTOM OF THE 6TH |
Minnesota (NYP) Twins batting - Pitching for Los Angeles (NYP) Angels : RHP Tristan Lewis
|
Batting: RHB Graham Calvert
|
0-0: Called Strike 0-1: Foul Ball, location: 2F 0-2: DOUBLE (Line Drive, 9LM, EV 106.9 MPH)
|
Batting: RHB Michael McDonald
|
0-0: Fly out, F9 (Flyball, 89S, EV 87.5 MPH)
|
Batting: LHB Seung-jun Chang
|
0-0: Ball 1-0: Called Strike 1-1: Swinging Strike 1-2: Ball 2-2: Ball 3-2: Base on Balls
|
Batting: RHB David Nardone
|
0-0: Swinging Strike 0-1: Ball 1-1: Ball Balk! Graham Calvert to third Seung-jun Chang to second 2-1: Ball 3-1: Base on Balls
|
Batting: RHB Tony Crespo
|
0-0: Foul Ball, location: 2F 0-1: Called Strike 0-2: DOUBLE (Line Drive, 9LM, EV 103.1 MPH) Graham Calvert scores Seung-jun Chang scores David Nardone to third
|
Batting: SHB Donell Burney
|
0-0: Called Strike 0-1: Ball Wild Pitch! David Nardone scores Tony Crespo to third 1-1: DOUBLE (Line Drive, 89D, EV 105.0 MPH) Tony Crespo scores
|
Pitching: RHP Angel Guzman
|
|
Batting: LHB Chris Munguia
|
0-0: Foul Ball, location: 2F 0-1: Called Strike 0-2: Ball 1-2: Ball Wild Pitch! Donell Burney to third 2-2: Foul Ball, location: 2F 2-2: Ball 3-2: Foul Ball, location: 2F Balk! Donell Burney scores 3-2: Foul Ball, location: 2F 3-2: Ground out 3-1 (Groundball, 34, EV 99.4 MPH)
|
Batting: RHB Sean Gould
|
0-0: Foul Ball, location: 2F 0-1: Swinging Strike 0-2: Ball 1-2: Strikes out looking
|
Bottom of the 6th over - 5 runs, 3 hits, 0 errors, 0 left on base; Los Angeles (NYP) 1 - Minnesota (NYP) 22 |
TOP OF THE 7TH |
Los Angeles (NYP) Angels batting - Pitching for Minnesota (NYP) Twins : LHP Josh Armstrong
|
Pitching: LHP Mike Horton
|
|
Batting: LHB Mark Reeg
|
0-0: Ball 1-0: Ground out U3 (Groundball, 34, EV 104.4 MPH)
|
Batting: RHB Khalil Thurston
|
0-0: Swinging Strike 0-1: Swinging Strike 0-2: Foul Ball, location: 2F 0-2: Fly out, F9 (Flyball, 9S, EV 91.9 MPH)
|
Batting: RHB Danny Bjarnson
|
0-0: Foul Ball, location: 2F 0-1: SINGLE (Groundball, 34D, EV 96.2 MPH)
|
Batting: SHB Butch Brown
|
0-0: Ball Wild Pitch! Danny Bjarnson to second 1-0: Ball 2-0: Foul Ball, location: 2F 2-1: Foul Ball, location: 2F 2-2: DOUBLE (Line Drive, 9LS, EV 107.5 MPH) Danny Bjarnson scores
|
Batting: RHB Adam Noyes
|
0-0: Ball 1-0: Called Strike 1-1: Called Strike 1-2: TRIPLE (Line Drive, 89XD, EV 104.4 MPH) Butch Brown scores
|
Batting: RHB J.R. Roberts
|
0-0: Ball 1-0: Ball 2-0: Called Strike 2-1: Ground out U3 (Groundball, 13, EV 82.5 MPH)
|
Top of the 7th over - 2 runs, 3 hits, 0 errors, 1 left on base; Los Angeles (NYP) 3 - Minnesota (NYP) 22 |
BOTTOM OF THE 7TH |
Minnesota (NYP) Twins batting - Pitching for Los Angeles (NYP) Angels : RHP Angel Guzman
|
Pinch Hitting: RHB Ben Berger
|
0-0: Reached on error, E4 (Groundball, 34, EV 102.5 MPH)
|
Batting: RHB Graham Calvert
|
0-0: Called Strike 0-1: Ball 1-1: Foul Ball, location: 2F 1-2: Ball Balk! Ben Berger to third 2-2: Foul Ball, location: 2F 2-2: Ball 3-2: Base on Balls
|
Batting: RHB Michael McDonald
|
0-0: Ball 1-0: Hit by Pitch Graham Calvert to second
|
Batting: LHB Seung-jun Chang
|
0-0: Called Strike 0-1: Ball 1-1: Ball Wild Pitch! Ben Berger scores Graham Calvert to third Michael McDonald to second 2-1: Called Strike 2-2: Ball 3-2: Base on Balls
|
Batting: RHB David Nardone
|
0-0: Ball 1-0: Foul Ball, location: 2F 1-1: Ball 2-1: Called Strike 2-2: Fly out, F7 (Flyball, 7, EV 77.5 MPH)
|
Batting: RHB Tony Crespo
|
0-0: Ball 1-0: Ball 2-0: Ball Wild Pitch! Graham Calvert scores Michael McDonald to third Seung-jun Chang to second 3-0: Called Strike 3-1: Called Strike 3-2: Base on Balls
|
Batting: SHB Donell Burney
|
0-0: Ball 1-0: Ball Wild Pitch! Michael McDonald scores Seung-jun Chang to third Tony Crespo to second 2-0: Ball 3-0: Called Strike 3-1: Ground out 4-3 (Groundball, 4, EV 80.6 MPH) Seung-jun Chang scores Tony Crespo to third
|
Pitching: RHP Roger Payne
|
|
Batting: LHB Chris Munguia
|
0-0: Ball 1-0: Ball Balk! Tony Crespo scores 2-0: Swinging Strike 2-1: Ball 3-1: Base on Balls
|
Pinch Hitting: RHB Alex Loaiza
|
0-0: SINGLE (Groundball, 15, EV 62.5 MPH) (infield hit) Chris Munguia to second
|
Batting: RHB Ben Berger
|
0-0: Ball Wild Pitch! Chris Munguia to third Alex Loaiza to second 1-0: Ball 2-0: Called Strike 2-1: Ball 3-1: Ground out U3 (Groundball, 34, EV 80.0 MPH)
|
Bottom of the 7th over - 5 runs, 1 hit, 1 error, 2 left on base; Los Angeles (NYP) 3 - Minnesota (NYP) 27 |
TOP OF THE 8TH |
Los Angeles (NYP) Angels batting - Pitching for Minnesota (NYP) Twins : LHP Mike Horton
|
Now at 1B: Alex Loaiza
|
|
Now at 2B: Ben Berger
|
|
Batting: RHB Kinya Nishimura
|
0-0: Ball 1-0: Ball 2-0: Ground out 6-3 (Groundball, 6, EV 86.2 MPH)
|
Batting: LHB Spencer Palmer
|
0-0: Foul Ball, location: 2F 0-1: Called Strike 0-2: Foul Ball, location: 2F 0-2: Ball 1-2: Ball 2-2: Foul Ball, location: 2F 2-2: Fly out, F7 (Flyball, 78M, EV 76.9 MPH)
|
Batting: RHB Hyeok Kim
|
0-0: Called Strike 0-1: Foul Ball, location: 2F 0-2: Ground out 5-3 (Groundball, 56S, EV 89.4 MPH)
|
Top of the 8th over - 0 runs, 0 hits, 0 errors, 0 left on base; Los Angeles (NYP) 3 - Minnesota (NYP) 27 |
BOTTOM OF THE 8TH |
Minnesota (NYP) Twins batting - Pitching for Los Angeles (NYP) Angels : RHP Roger Payne
|
Batting: RHB Graham Calvert
|
0-0: Ball 1-0: Foul Ball, location: 2F 1-1: Ball 2-1: Swinging Strike 2-2: Ball 3-2: Strikes out looking
|
Batting: RHB Michael McDonald
|
0-0: Called Strike 0-1: Ball 1-1: Foul Ball, location: 2F 1-2: Ball 2-2: Ball 3-2: Foul Ball, location: 2F 3-2: Base on Balls
|
Batting: LHB Seung-jun Chang
|
0-0: Fielders Choice at 2nd, 5-4 (Groundball, 56, EV 96.2 MPH)
|
Batting: RHB David Nardone
|
0-0: Swinging Strike 0-1: Foul Ball, location: 2F 0-2: Foul Ball, location: 2F 0-2: Ball 1-2: Ball 2-2: Foul Ball, location: 2F 2-2: Ball Wild Pitch! Seung-jun Chang to second 3-2: Base on Balls
|
Batting: RHB Tony Crespo
|
0-0: Ball Wild Pitch! Seung-jun Chang to third David Nardone to second 1-0: Swinging Strike 1-1: Called Strike 1-2: Ball 2-2: Foul Ball, location: 2F 2-2: Foul Ball, location: 2F 2-2: Ball 3-2: Strikes out swinging
|
Bottom of the 8th over - 0 runs, 0 hits, 0 errors, 2 left on base; Los Angeles (NYP) 3 - Minnesota (NYP) 27 |
TOP OF THE 9TH |
Los Angeles (NYP) Angels batting - Pitching for Minnesota (NYP) Twins : LHP Mike Horton
|
Batting: LHB Mark Reeg
|
0-0: Ball 1-0: Ball 2-0: Fly out, F4 (Popup, 4S, EV 67.5 MPH)
|
Batting: RHB Khalil Thurston
|
0-0: Ground out 5-3 (Groundball, 56, EV 80.6 MPH)
|
Batting: RHB Danny Bjarnson
|
0-0: Called Strike 0-1: Foul Ball, location: 2F 0-2: Ball 1-2: Ground out 1-3 (Groundball, 13S, EV 66.9 MPH)
|
Top of the 9th over - 0 runs, 0 hits, 0 errors, 0 left on base; Los Angeles (NYP) 3 - Minnesota (NYP) 27 |
|